Map: Jagannatha LE

Players

Neeb - Winner!

  • Race: Protoss Protoss

Nina

  • Race: Protoss Protoss

VOD

Have the link to the VOD?

Description

Time

  • Played on: Oct. 10, 2021, 3:35 p.m.
  • Length: 9:00
Show
View Real Time Build Order
Export as new Build Order

Neeb Protoss - Winner!

Build Orders: Phoenix Opening, Blink Stalkers 

Get SALT Encoding   

  12  0:01  Probe  
  13  0:13  Probe  
  14  0:17  Pylon  
  14  0:25  Probe (Chrono Boost)  
  15  0:37  Gateway, Probe (Chrono Boost)  
  16  0:44  Probe (Chrono Boost)  
  16  0:47  Assimilator  
  17  0:51  Probe  
  18  0:57  Assimilator  
  18  1:03  Probe (Chrono Boost)  
  19  1:09  Gateway  
  19  1:15  Probe (Chrono Boost)  
  20  1:20  Probe (Chrono Boost)  
  21  1:26  Cybernetics Core  
  21  1:30  Probe  
  22  1:36  Pylon  
  22  1:42  Probe  
  23  1:55  Probe  
  23  2:02  Stalker  
  23  2:03  Stalker, Warp Gate  
  23  2:07  Probe  
  28  2:14  Pylon  
  28  2:19  Probe  
  29  2:33  Probe, Sentry x2  
  34  2:52  Nexus  
  34  2:55  Probe  
  35  3:04  Shield Battery  
  35  3:06  Phoenix  
  35  3:07  Probe  
  36  3:19  Twilight Council, Probe  
  37  3:31  Probe  
  38  3:36  Pylon  
  38  3:43  Phoenix, Probe (Chrono Boost)  
  38  3:45  Forge  
  39  3:51  Blink (Chrono Boost)  
  40  3:55  Probe (Chrono Boost)  
  41  4:04  Probe (Chrono Boost)  
  41  4:06  Probe (Chrono Boost)  
  42  4:11  Sentry  
  42  4:14  Probe x2 (Chrono Boost)  
  46  4:17  Protoss Ground Weapons Level 1  
  46  4:19  Probe (Chrono Boost)  
  46  4:22  Robotics Facility, Probe  
  48  4:29  Shield Battery  
  48  4:31  Stalker, Probe  
  49  4:36  Probe  
  52  4:43  Probe  
  52  4:44  Pylon  
  52  4:45  Assimilator  
  53  4:46  Stalker  
  55  4:57  Nexus  
  55  4:59  Pylon  
  55  5:02  Probe x2  
  57  5:08  Stalker  
  57  5:09  Observer  
  60  5:15  Stalker  
  60  5:16  Probe x2  
  64  5:26  Gateway  
  64  5:27  Gateway  
  64  5:33  Probe  
  63  5:38  Stalker  
  63  5:39  Stalker  
  68  5:42  Immortal (Chrono Boost)  
  68  5:45  Probe  
  68  5:49  Gateway  
  72  5:54  Gateway  
  72  5:56  Probe  
  73  6:03  Pylon  
  73  6:05  Stalker x2  
  77  6:11  Warp Prism (Chrono Boost)  
  79  6:20  Probe x2  
  79  6:21  Probe  
  79  6:22  Shield Battery  
  82  6:28  Stalker x2  
  86  6:34  Probe  
  86  6:38  Stalker x2  
  86  6:39  Probe  
  93  6:40  Probe  
  93  6:47  Stalker  
  93  6:54  Pylon  
  97  6:55  Pylon  
  97  7:00  Stalker x3  
  101  7:03  Pylon  
  91  7:09  Warp Prism  
  91  7:13  Probe  
  91  7:14  Stalker x4  
  91  7:15  Probe  
  99  7:20  Probe  
  100  7:25  Probe  
  100  7:27  Probe  
  102  7:32  Probe  
  103  7:37  Probe  
  103  7:39  Probe  
  97  7:44  Probe  
  97  7:45  Stalker x2  
  97  7:46  Stalker x4  
  97  7:49  Probe  
  107  7:51  Probe  
  107  7:53  Assimilator x2  
  107  7:55  Pylon  
  107  7:58  Gateway  
  104  8:00  Gateway  
  104  8:10  Stalker x5  
  114  8:23  Photon Cannon  
  114  8:25  Pylon  
  110  8:36  Stalker x5  
  118  8:43  Assimilator  
Show
View Real Time Build Order
Export as new Build Order

Nina Protoss 

Build Orders: Phoenix Opening 

Get SALT Encoding   

  12  0:00  Probe  
  13  0:12  Probe  
  14  0:17  Pylon  
  14  0:24  Probe (Chrono Boost)  
  15  0:36  Probe (Chrono Boost)  
  15  0:38  Gateway  
  16  0:45  Probe (Chrono Boost)  
  17  0:51  Probe  
  17  0:54  Assimilator  
  18  0:58  Assimilator  
  18  1:03  Probe (Chrono Boost)  
  19  1:11  Gateway  
  19  1:14  Probe (Chrono Boost)  
  20  1:19  Probe (Chrono Boost)  
  21  1:25  Cybernetics Core  
  21  1:29  Probe  
  22  1:35  Pylon  
  22  1:41  Probe  
  23  1:53  Probe  
  24  2:02  Stalker  
  24  2:03  Stalker  
  24  2:05  Warp Gate (Chrono Boost)  
  24  2:06  Probe  
  29  2:16  Pylon  
  29  2:18  Probe  
  30  2:30  Probe  
  31  2:40  Nexus  
  31  2:42  Probe  
  32  2:48  Stalker  
  34  2:54  Sentry  
  34  2:55  Probe  
  37  3:02  Pylon  
  37  3:08  Probe  
  37  3:11  Shield Battery  
  38  3:23  Probe  
  38  3:25  Shield Battery  
  39  3:35  Probe  
  39  3:39  Phoenix  
  40  3:46  Adept  
  40  3:47  Adept, Probe (Chrono Boost)  
  45  3:52  Probe (Chrono Boost)  
  46  3:56  Twilight Council  
  46  3:58  Forge  
  46  3:59  Probe (Chrono Boost)  
  46  4:02  Probe (Chrono Boost)  
  48  4:04  Probe (Chrono Boost)  
  48  4:07  Sentry x2  
  53  4:10  Probe  
  53  4:16  Probe  
  53  4:17  Pylon  
  55  4:21  Gateway  
  55  4:24  Probe  
  56  4:28  Phoenix, Probe  
  57  4:35  Protoss Ground Weapons Level 1 (Chrono Boost)  
  57  4:36  Probe  
  58  4:40  Probe  
  58  4:41  Blink  
  59  4:48  Probe  
  59  4:52  Adept x2  
  64  4:54  Probe  
  64  4:57  Pylon  
  65  5:00  Probe  
  65  5:01  Assimilator  
  65  5:06  Probe  
  67  5:10  Nexus  
  67  5:19  Robotics Facility  
  67  5:22  Probe  
  67  5:23  Stalker  
  67  5:24  Stalker  
  70  5:37  Probe  
  70  5:39  Stalker  
  70  5:40  Probe  
  72  5:45  Gateway x2  
  72  5:51  Pylon  
  72  5:53  Gateway  
  72  5:55  Shield Battery  
  72  5:59  Pylon  
  72  6:02  Pylon  
  72  6:09  Probe x2  
  72  6:10  Stalker x2  
  78  6:15  Observer  
  78  6:16  Pylon  
  77  6:19  Stalker  
  77  6:21  Probe  
  77  6:24  Pylon  
  77  6:25  Probe x2  
  80  6:33  Probe  
  80  6:37  Probe x2  
  80  6:39  Observer  
  84  6:46  Gateway, Probe (Chrono Boost)  
  84  6:47  Stalker x2  
  87  6:50  Charge  
  91  6:58  Probe (Chrono Boost)  
  91  6:59  Stalker x2  
  94  7:07  Stalker  
  88  7:12  Stalker  
  82  7:16  Zealot x2  
  82  7:17  Probe  
  82  7:18  Probe  
  82  7:19  Probe  
  82  7:22  Stalker, Assimilator  
  91  7:23  Stalker  
  91  7:29  Probe  
  94  7:31  Stalker  
  94  7:33  Probe  
  94  7:36  Zealot  
  94  7:37  Zealot x2  
  103  7:42  Stalker  
  89  7:44  Probe  
  89  7:46  Stalker x2  
  84  7:58  Stalker  
  78  7:59  Probe  
  78  8:00  Stalker  
  78  8:01  Probe  
  78  8:02  Zealot x2  
  85  8:09  Stalker x2  
  85  8:12  Zealot, Shield Battery  
  79  8:21  Stalker  
  79  8:22  Stalker x2  
  81  8:27  Stalker  
  76  8:34  Stalker  
  76  8:35  Zealot x2  
  76  8:37  Probe  
  80  8:42  Probe  
  80  8:46  Zealot x3  
  85  8:52  Stalker  
Tags
 
Add a new tag
Caveats
  • Supply blocks, unpowered buildings, or Contaminate may cause inaccurate times.
  • Supply counts are checked every 10 seconds.